 Dungeon Crawl Stone Soup version 0.21.0-3-g78d12a8 (webtiles) character file.

45472 Firecrotchwizard the Slicer (level 14, -4/77 HPs)
             Began as a Vine Stalker Berserker on Jan 16, 2018.
             Was a High Priest of Trog.
             Slain by a hornet (5 damage)
             ... while paralysed by a hornet
             ... on level 6 of the Lair of Beasts.
             The game lasted 00:41:45 (15946 turns).

Firecrotchwizard the Slicer (VSBe)                 Turns: 15946, Time: 00:41:46

Health: -4/77      AC: 19    Str: 21    XL:     14   Next: 33%
Magic:  0/15       EV:  2    Int:  7    God:    Trog [*****.]
Gold:   1037       SH:  0    Dex: 18    Spells: 13/13 levels left

rFire    + . .     SeeInvis .   j - +5 dagger (speed)
rCold    + . .     Gourm    .   (no shield)
rNeg     . . .     Faith    .   w - +0 plate armour
rPois    .         Spirit   +   b - +1 hat {MR+}
rElec    .         Reflect  .   a - +0 cloak
rCorr    .         Harm     .   l - +0 pair of gloves
MR       ++...                  A - +0 pair of boots
Stlth    ..........             (no amulet)
HPRegen  1.02/turn              H - ring of protection from fire {rF+, !d}
MPRegen  0.14/turn              T - ring of protection from cold {rC+, !d}

@: paralysed, lethally poisoned (-4 -> -4), about to teleport, slowed
A: fangs 3, regeneration 2, magic shield, antimagic bite, no potion heal 3, rot
immunity
a: Berserk, Trog's Hand, Brothers in Arms, Burn Spellbooks, Renounce Religion


You were on level 6 of the Lair of Beasts.
You worshipped Trog.
Trog was extremely pleased with you.
You were hungry.

You visited 2 branches of the dungeon, and saw 16 of its levels.
You also visited: Sewer.

You collected 1261 gold pieces.
You spent 224 gold pieces at shops.

Inventory:

Hand Weapons
 j - a +5 dagger of speed (weapon)
   (You took it off a kobold on level 1 of the Dungeon)
 F - a +1 dagger of protection
   (You took it off a deep elf mage on level 7 of the Dungeon)
 I - the +1 dagger of Forgiveness {freeze, MR+ SInv}
   (You found it on level 9 of the Dungeon)

   It has been specially enchanted to freeze those struck by it, causing extra
   injury to most foes and up to half again as much damage against particularly
   susceptible opponents.
   It can also slow down cold-blooded creatures.
   It affects your resistance to hostile enchantments.
   It lets you see invisible.
 R - a +1 rapier of distortion
   (Trog gifted it to you on level 6 of the Lair of Beasts)
Armour
 a - a +0 cloak (worn)
   (You found it on level 6 of the Dungeon)
 b - a +1 hat of magic resistance (worn)
   (You took it off Gastronok on level 9 of the Dungeon)
 l - a +0 pair of gloves (worn)
   (You found it on level 1 of the Dungeon)
 n - a +0 chain mail
   (You found it on level 5 of the Dungeon)
 w - a +0 plate armour (worn)
   (You found it on level 5 of the Dungeon)
 A - a +0 pair of boots (worn)
   (You found it on level 6 of the Dungeon)
 D - a +0 helmet
   (You found it on level 7 of the Dungeon)
 L - a +2 troll leather armour {Snorg}
   (You found it on level 5 of the Lair of Beasts)
Jewellery
 H - a ring of protection from fire (left hand) {rF+, !d}
   (You found it on level 8 of the Dungeon)
 M - an uncursed amulet of guardian spirit {Spirit}
   (You found it on level 1 of the Lair of Beasts)
 T - a ring of protection from cold (right hand) {rC+, !d}
   (You found it on level 1 of the Lair of Beasts)
Wands
 d - a wand of random effects (65)
   (You found it on level 8 of the Dungeon)
 q - a wand of disintegration (24) {@e1}
   (You found it on level 6 of the Dungeon)
 v - a wand of digging (29)
   (You took it off Ijyb on level 4 of the Dungeon)
 x - a wand of clouds (1)
   (You took it off a centaur on level 9 of the Dungeon)
 y - a wand of paralysis (28)
   (You found it on level 7 of the Dungeon)
 C - a wand of enslavement (12)
   (You found it on level 7 of the Dungeon)
Scrolls
 f - 12 scrolls of remove curse
 g - 2 scrolls of identify
 h - 2 scrolls of immolation {!r}
 t - 4 scrolls of teleportation
 K - 2 scrolls of vulnerability {!r!r}
 O - a scroll of fog
 Q - a scroll of magic mapping {!r}
 S - a scroll of blinking {!r}
Potions
 e - 4 potions of mutation {!q}
 i - 3 potions of agility
 k - 2 potions of might
 m - 4 potions of curing
 o - a potion of lignification {unknown}
 p - 3 potions of brilliance
 r - 3 potions of haste
 s - 2 potions of berserk rage {!q}
 u - a potion of degeneration {unknown}
 z - 6 potions of flight {unknown}
 B - 3 potions of invisibility
 E - 5 potions of heal wounds
 G - a potion of cancellation {unknown}
 P - a potion of resistance {unknown}
Miscellaneous
 N - a crystal ball of energy
   (You found it on level 5 of the Lair of Beasts)
Comestibles
 c - 32 rations {@e1}
 J - 11 chunks of flesh {@w0}


   Skills:
 + Level 10.6 Fighting
 * Level 14.1 Short Blades
 + Level 9.6 Armour
 + Level 9.5 Dodging


You had 13 spell levels left.
You didn't know any spells.

Dungeon Overview and Level Annotations

Branches:
Dungeon (10/15)            Temple (0/1) D:6            Lair (6/6) D:9
  Swamp (0/4) Lair:3       Spider (0/4) Lair:3        Slime (0/5) Lair:5
    Orc (0/2) D:10

Altars:
Fedhas
Makhleb
Okawaru
Beogh

Shops:
D:8 }

Annotations:
Lair:5 exclusion: oklob plant
Lair:6 1 runed door


Innate Abilities, Weirdness & Mutations

You have razor-sharp teeth.
You heal very quickly.
When hurt, damage is shared between your health and your magic reserves.
Your bite disrupts and absorbs the magic of your enemies.
Potions cannot restore your health.
You are immune to rotting.


Message History

The hornet stings you.
You suddenly lose the ability to move!
The hornet stings you but does no damage. x2
You can move again.
You take 2 damage, and have 12/77 hp.
You puncture the hornet!
You kill the hornet!
Trog accepts your kill.
Your plate armour prevents you from hitting the hornet.
You bite the hornet, but do no damage.
You feel sick. The hornet barely misses you.
You take 1 damage, and have 12/77 hp.
You puncture the hornet! Your bite misses the hornet.
You feel sick. The hornet stings you!
* * * LOW HITPOINT WARNING * * *
You feel as though you will be slow longer.
You take 7 damage, and have 5/77 hp.
You now have 3/15 mp.
You completely miss the torpor snail.
You bite the torpor snail, but do no damage.
You feel sick. The hornet completely misses you.
You take 1 damage, and have 4/77 hp.
You swap places.
You feel sick.
Your ogre hits the hornet with a giant club!!
The hornet closely misses your ogre. The torpor snail bites your ogre!
The hornet closely misses your ogre. The torpor snail bites your ogre!
Your ogre hits the hornet with a giant club!
The hornet dies!
Trog accepts your kill.
Your system rejects the healing.
You feel better.
Your ogre completely misses the torpor snail.
The torpor snail bites your ogre.
A hornet and a torpor snail come into view.
The hornet buzzes angrily.
Your ogre hits the torpor snail with a giant club!!!
The torpor snail dies!
Trog accepts your kill.
You regained 2 hp, and now have 7/77 hp.
Your ogre is no longer moving slowly.
Your ogre misses the tyrant leech.
A hornet comes into view.
You see here a ration {@e1}.
You puncture the tyrant leech! Your bite misses the tyrant leech.
You hit the tyrant leech. Your bite misses the tyrant leech.
Your ogre closely misses the tyrant leech.
The tyrant leech bites you but does no damage.
You hit the tyrant leech. The hornet stings your ogre!
Your ogre seems to slow down.
You miss the tyrant leech. You bite the tyrant leech! You drain its power.
You feel invigorated. The hornet barely misses your ogre.
Your ogre barely misses the hornet.
A hornet comes into view.
You regained 10 mp, and now have 14/15 mp.
The hornet buzzes angrily.
You puncture the tyrant leech! Your bite misses the tyrant leech.
The tyrant leech bites you.
* * * LOW HITPOINT WARNING * * *
The tyrant leech draws strength from your injuries!
The hornet barely misses you.
You take 2 damage, and have 8/77 hp.
You now have 11/15 mp.
You hit the tyrant leech but do no damage.
Your bite misses the tyrant leech. The hornet stings your ogre!
Your ogre is poisoned.
Your ogre seems to slow down.
The hornet stings you but does no damage.
You closely miss the tyrant leech. You bite the tyrant leech!
You drain its power.
You feel invigorated.
The hornet stings your ogre but does no damage.
Your ogre closely misses the hornet.
The tyrant leech bites you but does no damage.
You regained 3 mp, and now have 14/15 mp.
You hit the tyrant leech but do no damage.
You bite the tyrant leech, but do no damage.
The hornet stings you but does no damage.
The hornet stings your ogre!
Your ogre dies!
Your ogre's corpse disappears in a puff of smoke!
You hit the tyrant leech but do no damage.
You bite the tyrant leech, but do no damage.
The hornet closely misses you. The tyrant leech bites you!
* * * LOW HITPOINT WARNING * * *
The tyrant leech draws strength from your injuries!
A hornet comes into view.
You take 7 damage, and have 3/77 hp.
You now have 5/15 mp.
The hornet buzzes angrily.
You hit the tyrant leech. Your bite misses the tyrant leech.
The hornet stings you but does no damage.
As you read the scroll of teleportation, it crumbles to dust.
You feel strangely unstable.
The hornet stings you but does no damage. x3
The tyrant leech barely misses you. The hornet stings you.
* * * LOW HITPOINT WARNING * * *
You suddenly lose the ability to move!
The hornet stings you but does no damage.
The hornet stings you.
* * * LOW HITPOINT WARNING * * *
You are lethally poisoned!
You shrug off the repeated paralysis!
* * * LOW HITPOINT WARNING * * *
You feel sick.
The hornet stings you but does no damage.
The hornet stings you!
You die...

#### ###########
##....##### #.##.P.##.#
.....ywy@.#####........##
..####Pyyw.##.....###...#
####.†#.....## ##...
###†....##.# ###.
#.....###### ##.⌠
#.P....#.# ###...
#.y.....#.## #....#
...#....#### ##..## ..
#.#... ###..##


You could see a tyrant leech, a torpor snail and 4 hornets.

Vanquished Creatures
  Gastronok (D:9)
  Snorg (Lair:5)
  2 hydras
  Fannar (Lair:2)
  Erolcha (D:10)
  2 two-headed ogres
  5 death yaks (Lair:3)
  A tengu warrior (D:10)
  Pikel (D:5)
  A deep elf mage (D:7)
  An oklob plant (Lair:6)
  A wolf spider (Lair:3)
  A faun (shapeshifter) (D:9)
  A manticore (D:10)
  12 elephants
  4 black mambas
  9 spiny frogs
  A torpor snail (Lair:6)
  2 rime drakes
  5 komodo dragons
  3 polar bears (Lair:3)
  A jumping spider (Lair:3)
  2 hornets (Lair:6)
  A tyrant leech (Lair:3)
  5 blink frogs (Lair:5)
  7 hippogriffs
  Sigmund (D:3)
  34 yaks
  2 redbacks (Lair:3)
  2 wyverns
  Eustachio (D:4)
  A basilisk (Lair:3)
  A wraith (D:10)
  A hungry ghost (D:8)
  Edmund (D:4)
  A swamp worm (Lair:3)
  A warg (D:10)
  6 water moccasins
  9 orc warriors
  6 porcupines
  3 sky beasts
  A slave (D:5)
  4 ice beasts
  A necrophage (D:10)
  5 ogres
  3 black bears
  27 wolves
  6 centaurs
  13 crocodiles
  10 bullfrogs
  2 big kobolds
  A wyvern zombie (D:7)
  A wyvern skeleton (D:9)
  3 scorpions
  2 electric eels
  11 killer bees
  2 jellies
  2 howler monkeys (D:7)
  4 crimson imps
  A centaur zombie (D:6)
  A quasit (D:8)
  A bullfrog skeleton (D:6)
  A bullfrog zombie (D:6)
  3 centaur skeletons
  6 orc priests
  4 hounds
  5 orc wizards
  3 iguanas
  Ijyb (D:4)
  Natasha (thrice) (D:4)
  6 worker ants
  2 hound zombies
  A hound skeleton (D:10)
  8 adders
  A shadow imp (D:10)
  2 oozes
  2 adder skeletons
  4 worms
  2 dart slugs
  9 leopard geckos
  51 orcs
  6 giant cockroaches
  9 goblins
  9 hobgoblins
  22 jackals
  6 quokkas
  3 ball pythons
  14 bats
  7 frilled lizards
  A giant cockroach zombie (D:6)
  15 kobolds
  2 leopard gecko skeletons
  A quokka skeleton (D:5)
  14 rats
466 creatures vanquished.

Vanquished Creatures (collateral kills)
  2 hydras (Lair:5)
  Nergalle (Lair:1)
  4 elephants (Lair:5)
  A torpor snail (Lair:6)
  A spiny frog (Lair:5)
  A hornet (Lair:6)
  4 yaks (Lair:5)
  A porcupine (Lair:5)
  Purgy (Sewer)
  A bullfrog (D:7)
  9 jellies (Lair:5)
  An ooze (Lair:5)
27 creatures vanquished.

Vanquished Creatures (others)
  An orc (D:5)
  A jackal (D:5)
  14 fungi
  9 plants
25 creatures vanquished.

Grand Total: 518 creatures vanquished

Notes
Turn   | Place    | Note
-------+----------+-------------------------------------------
     0 | D:1      | Firecrotchwizard the Vine Stalker Berserker began the quest for the Orb.
     0 | D:1      | Reached XP level 1. HP: 11/11 MP: 2/2
    41 | D:1      | Reached XP level 2. HP: 14/16 MP: 3/3
   103 | D:1      | Reached skill level 3 in Short Blades
   503 | D:1      | Reached XP level 3. HP: 19/19 MP: 4/4
   592 | D:1      | Reached ** piety under Trog
   682 | D:1      | Reached skill level 3 in Fighting
   698 | D:1      | Reached skill level 2 in Armour
   788 | D:1      | Reached skill level 2 in Dodging
  1202 | D:2      | Gained mutation: Your natural rate of healing is unusually fast. [Vine Stalker growth]
  1202 | D:2      | Reached XP level 4. HP: 15/24 MP: 5/5
  1760 | D:2      | Reached *** piety under Trog
  1907 | D:3      | Noticed Sigmund
  1920 | D:3      | Killed Sigmund
  1920 | D:3      | Reached skill level 4 in Short Blades
  1920 | D:3      | Reached XP level 5. HP: 28/28 MP: 6/6
  1920 | D:3      | Reached XP level 6. HP: 32/32 MP: 7/7
  2597 | D:4      | Reached skill level 3 in Armour
  2599 | D:4      | Noticed Ijyb
  2615 | D:4      | Reached XP level 7. HP: 37/37 MP: 8/8
  2628 | D:4      | Killed Ijyb
  2628 | D:4      | Reached skill level 3 in Dodging
  2639 | D:4      | Noticed Natasha
  2649 | D:4      | Killed Natasha
  2649 | D:4      | Reached **** piety under Trog
  2649 | D:4      | Reached skill level 4 in Fighting
  2649 | D:4      | Reached skill level 5 in Short Blades
  2654 | D:4      | Noticed Natasha
  2664 | D:4      | Killed Natasha
  2666 | D:4      | Noticed Natasha
  2674 | D:4      | Killed Natasha
  2702 | D:4      | Found a blossoming altar of Fedhas.
  2961 | D:4      | Noticed Eustachio
  2966 | D:4      | Noticed Edmund
  3016 | D:4      | Killed Edmund
  3016 | D:4      | Gained mutation: You have razor-sharp teeth. [Vine Stalker growth]
  3016 | D:4      | Reached XP level 8. HP: 16/42 MP: 5/9
  3034 | D:4      | Killed Eustachio
  3034 | D:4      | Reached skill level 6 in Short Blades
  3173 | D:5      | Entered Level 5 of the Dungeon
  3703 | D:5      | Noticed Pikel
  3783 | D:5      | Killed Pikel
  3783 | D:5      | Reached skill level 5 in Fighting
  3783 | D:5      | Reached skill level 7 in Short Blades
  3783 | D:5      | Reached skill level 4 in Armour
  3783 | D:5      | Reached skill level 4 in Dodging
  3783 | D:5      | Reached XP level 9. HP: 47/47 MP: 10/10
  4019 | D:6      | Found a staircase to the Ecumenical Temple.
  4133 | D:6      | Found a glowing drain.
  4142 | Sewer    | Entered a sewer
  4170 | Sewer    | Noticed Purgy
  4178 | Sewer    | Killed Purgy
  4394 | D:6      | Found an iron altar of Okawaru.
  4584 | D:6      | Reached ***** piety under Trog
  4925 | D:7      | Noticed a two-headed ogre
  4933 | D:7      | Killed a two-headed ogre
  4933 | D:7      | Reached skill level 6 in Fighting
  4933 | D:7      | Reached skill level 8 in Short Blades
  4933 | D:7      | Reached skill level 5 in Armour
  4933 | D:7      | Reached skill level 5 in Dodging
  5186 | D:7      | Identified the Almanac of Enchantment
  5201 | D:7      | Reached XP level 10. HP: 53/53 MP: 11/11
  5412 | D:7      | Noticed a deep elf mage
  5468 | D:7      | Killed a deep elf mage
  5468 | D:7      | Reached skill level 9 in Short Blades
  6256 | D:8      | Found a blossoming altar of Fedhas.
  6279 | D:8      | Found a burning altar of Makhleb.
  6309 | D:8      | Found Huon's Gadget Boutique.
  6314 | D:8      | Bought a wand of acid (4) for 224 gold pieces
  6436 | D:9      | Got an ichor-stained dagger
  6437 | D:9      | Identified the cursed +1 dagger of Forgiveness {freeze, MR+ SInv} (You found it on level 9 of the Dungeon)
  6533 | D:9      | Received a gift from Trog
  6533 | D:9      | Reached skill level 6 in Armour
  6570 | D:9      | HP: 13/53 [poisoned by a killer bee]
  6575 | D:9      | HP: 12/53 [poisoned by a killer bee]
  6581 | D:9      | HP: 12/53 [poisoned by a killer bee]
  6586 | D:9      | HP: 12/53 [poisoned by a killer bee]
  6692 | D:9      | Noticed Gastronok
  6715 | D:9      | HP: 1/53 [Gastronok (20)]
  6723 | D:9      | Killed Gastronok
  6723 | D:9      | Reached skill level 7 in Fighting
  6723 | D:9      | Reached skill level 10 in Short Blades
  6723 | D:9      | Reached skill level 6 in Dodging
  6723 | D:9      | Reached XP level 11. HP: 6/58 MP: 12/12
  6866 | D:9      | Found a staircase to the Lair.
  7406 | D:9      | Noticed a faun
  7415 | D:9      | Killed a faun
  7658 | D:10     | Entered Level 10 of the Dungeon
  7775 | D:10     | Got a twisted trident
  7794 | D:10     | Noticed Erolcha
  7817 | D:10     | Killed Erolcha
  7854 | D:10     | Reached skill level 7 in Armour
  7883 | D:10     | Noticed a two-headed ogre
  7891 | D:10     | Killed a two-headed ogre
  7891 | D:10     | Reached skill level 8 in Fighting
  7891 | D:10     | Reached skill level 7 in Dodging
  7947 | D:10     | Reached skill level 11 in Short Blades
  8149 | D:10     | Found a roughly hewn altar of Beogh.
  8404 | D:10     | Noticed a tengu warrior
  8441 | D:10     | Killed a tengu warrior
  8441 | D:10     | Gained mutation: You heal very quickly. [Vine Stalker growth]
  8441 | D:10     | Reached XP level 12. HP: 49/65 MP: 13/13
  8696 | D:10     | Received a gift from Trog
  8713 | D:10     | Found a staircase to the Orcish Mines.
  9176 | Lair:1   | Entered Level 1 of the Lair of Beasts
  9230 | Lair:1   | HP: 15/65 [poisoned by a spiny frog]
  9235 | Lair:1   | HP: 7/65 [poisoned by a spiny frog]
  9239 | Lair:1   | HP: 3/65 [poisoned by a spiny frog]
  9244 | Lair:1   | HP: 1/65 [poisoned by a spiny frog]
  9249 | Lair:1   | HP: 1/65 [poisoned by a spiny frog]
  9254 | Lair:1   | HP: 3/65 [poisoned by a spiny frog]
  9260 | Lair:1   | HP: 6/65 [poisoned by a spiny frog]
  9265 | Lair:1   | HP: 9/65 [poisoned by a spiny frog]
  9273 | Lair:1   | HP: 15/65 [poisoned by a spiny frog]
  9434 | Lair:1   | Noticed Nergalle
  9461 | Lair:1   | Killed Nergalle
  9816 | Lair:1   | Noticed a five-headed hydra
  9821 | Lair:1   | Killed a five-headed hydra
 10312 | Lair:2   | Reached skill level 12 in Short Blades
 10616 | Lair:2   | Reached skill level 9 in Fighting
 10668 | Lair:2   | Noticed Fannar
 10687 | Lair:2   | Killed Fannar
 10687 | Lair:2   | Reached skill level 8 in Armour
 10922 | Lair:2   | Reached skill level 8 in Dodging
 11310 | Lair:3   | Found a hole to the Spider Nest.
 11389 | Lair:3   | Found a staircase to the Swamp.
 11458 | Lair:3   | Received a gift from Trog
 11459 | Lair:3   | Got an iridescent great mace {god gift}
 11817 | Lair:3   | Noticed a death yak
 11818 | Lair:3   | Noticed a death yak
 11818 | Lair:3   | Noticed a death yak
 11820 | Lair:3   | Noticed a death yak
 11822 | Lair:3   | Noticed a death yak
 11830 | Lair:3   | Killed a death yak
 11830 | Lair:3   | Reached XP level 13. HP: 70/70 MP: 14/14
 12788 | Lair:4   | Reached skill level 13 in Short Blades
 13260 | Lair:4   | Received a gift from Trog
 13991 | Lair:5   | Reached skill level 10 in Fighting
 13996 | Lair:5   | Reached skill level 9 in Armour
 13996 | Lair:5   | Reached skill level 9 in Dodging
 14008 | Lair:5   | Found a staircase to the Slime Pits.
 14599 | Lair:5   | Noticed Snorg
 14610 | Lair:5   | Killed Snorg
 14610 | Lair:5   | Reached XP level 14. HP: 75/77 MP: 15/15
 15372 | Lair:6   | Entered Level 6 of the Lair of Beasts
 15519 | Lair:6   | Reached skill level 14 in Short Blades
 15550 | Lair:6   | Received a gift from Trog
 15611 | Lair:6   | HP: 15/77 [oklob plant/splash of acid (9)]
 15785 | Lair:6   | Got a smoking flail
 15857 | Lair:6   | Found a runed door.
 15911 | Lair:6   | Paralysed by a hornet for 3 turns
 15918 | Lair:6   | HP: 18/77 [hornet (9)]
 15923 | Lair:6   | HP: 15/77 [poisoned by a hornet]
 15926 | Lair:6   | Paralysed by a hornet for 1 turns
 15928 | Lair:6   | HP: 12/77 [poisoned by a hornet]
 15929 | Lair:6   | HP: 5/77 [hornet (7)]
 15939 | Lair:6   | HP: 8/77 [tyrant leech (3)]
 15943 | Lair:6   | HP: 3/77 [tyrant leech (7)]
 15945 | Lair:6   | Paralysed by a hornet for 3 turns
 15945 | Lair:6   | HP: 1/77 [hornet (2)]
 15946 | Lair:6   | Slain by a hornet

Skill      XL: |  1  2  3  4  5  6  7  8  9 10 11 12 13 14 |
---------------+-------------------------------------------+-----
Short Blades   | 3 4 5 7 8 10 11 12 13 14 | 14.1
Fighting       | 3 4 5 6 7 8 9 10 | 10.6
Armour         | 2 3 4 5 6 7 8 9 |  9.6
Dodging        | 2 3 4 5 6 7 8 9 |  9.5

Action                   |  1- 3 |  4- 6 |  7- 9 | 10-12 | 13-15 || total
-------------------------+-------+-------+-------+-------+-------++-------
Melee: Short sword       |    71 |       |       |       |       ||    71
       Bite              |    31 |    49 |   162 |   566 |   518 ||  1326
       Dagger            |    51 |   145 |   462 |  1260 |   961 ||  2879
Invok: Trog's Hand       |       |     1 |     1 |     6 |       ||     8
       Brothers in Arms  |       |       |     2 |     2 |     4 ||     8
       Burn Spellbooks   |       |       |     1 |       |     1 ||     2
       Berserk           |       |       |       |     3 |       ||     3
Evoke: Wand              |       |       |     2 |     6 |     3 ||    11
  Use: Scroll            |       |       |    12 |    10 |     7 ||    29
       Potion            |       |       |       |     1 |     1 ||     2
 Stab: Sleeping          |     2 |       |       |       |       ||     2
       Distracted        |       |       |       |     2 |       ||     2
  Eat: Chunk             |     1 |     5 |     9 |    12 |    11 ||    38
       Ration            |       |       |       |     5 |     1 ||     6
Armor: Animal skin       |    14 |       |       |       |       ||    14
       Scale mail        |    13 |    33 |    19 |       |       ||    65
       Chain mail        |       |       |    73 |   331 |   145 ||   549
       Plate armour      |       |       |       |       |   127 ||   127
Dodge: Dodged            |    55 |    42 |   119 |   362 |   285 ||   863

Vault maps used:
D:1:      tarquinn_simple_flora_water_e, minmay_fountain_box,
          minmay_tetromino_l2
D:3:      serial_forest, infiniplex_forest_zigzag_1, infiniplex_forest_zigzag_1,
          infiniplex_forest_lined_room_3, infiniplex_forest_lined_3,
          infiniplex_forest_lined_2, infiniplex_forest_straight_3,
          infiniplex_forest_clump_small, uniq_sigmund
D:4:      first_ration, fedhas_bush_and_centaur_altar, uniq_ijyb, uniq_edmund,
          uniq_natasha, uniq_eustachio
D:5:      uniq_pikel
D:6:      kennysheep_mini, minmay_temple_entry_statues_pillars,
          portal_sewer_entry_d
D:7:      minmay_misc_feat_pillars, wad_rectangle_vault
D:8:      nicolae_overflow_hidden_temple, serial_shops, kennysheep_little_box
D:9:      grunt_lair_entry_orc_guard_hut, uniq_gastronok
D:10:     david_orc_1_choice, grunt_tengu_nest, uniq_erolcha
Lair:1:   beast_lair_carwin_large_2, grunt_forest_small_clearings,
          grunt_megastairs_3, uniq_nergalle
Lair:2:   uniq_fannar
Lair:3:   minmay_swamp_entry_worms, spider_nest_entry_funnel_web,
          gammafunk_lair_bear_cave
Lair:4:   wad_woods_river_01
Lair:5:   dpeg_oklob_gauntlet, minmay_slime_entry_jelly_boxes, uniq_snorg
Lair:6:   wormcave, hangedman_lair_caniforms_friends,
          grunt_forest_large_clearing_hut, infiniplex_staircase_pool
Sewer:    sewer_big_baddie

Table legend:
 A = Turns spent in this place as a percentage of turns spent in the entire game.
 B = Non-inter-level travel turns spent in this place as a percentage of non-inter-level travel turns spent in the entire game.
 C = Inter-level travel turns spent in this place as a percentage of turns spent in this place.
 D = Turns resting spent in this place as a percentage of non-inter-level travel turns spent in this place.
 E = Turns spent auto-exploring this place as a percentage of non-inter-level travel turns spent in this place.
 F = Non-inter-level travel turns spent in this place divided by the number of levels of this place that you've seen.
                   A       B       C       D       E      F
               +-------+-------+-------+-------+-------+----------------------
         Total | 100.0 | 100.0 |   2.7 |  14.5 |  55.7 | 913.0
       Dungeon |  57.0 |  56.5 |   3.4 |  14.4 |  54.6 | 877.7
          Lair |  42.5 |  42.9 |   1.7 |  14.8 |  57.4 | 1109.3
         Sewer |   0.6 |   0.6 |   0.0 |   0.0 |  34.1 |  88.0
               +-------+-------+-------+-------+-------+----------------------

Table legend:
 A = Kills in this place as a percentage of kills in entire the game.
 B = Kills by you in this place as a percentage of kills by you in the entire game.
 C = Kills by friends in this place as a percentage of kills by friends in the entire game.
 D = Other kills in this place as a percentage of other kills in the entire game.
 E = Experience gained in this place as a percentage of experience gained in the entire game.
 F = Experience gained in this place divided by the number of levels of this place that you have seen.
                   A       B       C       D       E      F
               +-------+-------+-------+-------+-------+----------------------
         Total | 100.0 | 100.0 | 100.0 | 100.0 | 100.0 | 3821.2
       Dungeon |  64.2 |  67.9 |   3.7 |   0.0 |  32.4 | 2102.6
          Lair |  34.6 |  31.0 |  92.6 | 100.0 |  67.5 | 7310.0
         Sewer |   1.2 |   1.1 |   3.7 |   0.0 |   0.1 |  75.0
               +-------+-------+-------+-------+-------+----------------------
